 Dungeon Crawl Stone Soup version 0.31-a0-774-g0d66cbabe8 (webtiles) character file.

Game seed: 10915545401289207988

3607 cforsyth the Fighter (level 10, -3/72 HPs)
             Began as a Djinni Delver on Sept 17, 2023.
             Was an Elder of Hepliaklqana.
             Killed by an exploding killer bee (7 damage)
             ... ignited by their inner flame
             ... on level 9 of the Dungeon.
             The game lasted 00:12:20 (8878 turns).

cforsyth the Fighter (Djinni Delver)                Turns: 8878, Time: 00:12:21

Health: -3/72      AC:  4    Str: 14    XL:     10   Next: 32%
Gold:   305        EV: 13    Int: 16    God:    Hepliaklqana [****..] SH:  5 Dex: 15

rFire   + + .        y - +6 spear of the Distant Future {flame, rF- rN+ Str+3}
rCold   x . .        (no shield)
rNeg    + . .        m - +1 leather armour of the Nexus {rF+ MP+9}
rPois   ∞            (no helmet)
rElec   .            (no cloak)
rCorr   +            (no gloves)
SInv    .            (boots unavailable)
Will    +....        B - amulet of reflection
Stlth   +++          p - ring of resist corrosion
HPRegen 0.32/turn    (no ring)
MPRegen 0.00/turn

%: reflection, infuse magic (-4 HP)
@: flying, studying Transmutations
A: reduced essence, sickness immunity, fire resistance 2, cold vulnerability 1,
float, innate caster, HP casting, extra vitality 1
a: Renounce Religion, Recall Ancestor, Ancestor Identity, Transference, Idealise


You were on level 9 of the Dungeon.
You worshipped Hepliaklqana.
Hepliaklqana was greatly pleased with you.
You visited 2 branches of the dungeon, and saw 10 of its levels.

You collected 481 gold pieces.
You spent 176 gold pieces at shops.

Inventory:

Hand Weapons
 a - a +0 falchion
 y - the +6 spear of the Distant Future (weapon) {flame, rF- rN+ Str+3}
   (You bought it in a shop on level 4 of the Dungeon)

   Str+3:     It affects your strength (+3).
   rF-:       It makes you vulnerable to fire.
   rN+:       It protects you from negative energy.
Missiles
 t - a throwing net
Armour
 b - a +0 leather armour
 m - the +1 leather armour of the Nexus (worn) {rF+ MP+9}
   (You found it on level 2 of the Dungeon)

   rF+:       It protects you from fire.
   MP+9:      It affects your magic capacity (+9).
Jewellery
 e - an amulet of faith
 h - a +6 ring of dexterity
 p - a ring of resist corrosion (left hand)
 B - an amulet of reflection (around neck)
Wands
 g - a wand of digging (12)
 x - a wand of polymorph (9)
 A - a wand of roots (1)
Scrolls
 c - 4 scrolls of fog
 d - a scroll of revelation
 i - 3 scrolls of vulnerability
 j - 3 scrolls of enchant armour
 r - a scroll of poison {unknown}
 s - a scroll of immolation
 u - 3 scrolls of enchant weapon {unknown}
 v - 3 scrolls of blinking {unknown}
 z - 4 scrolls of teleportation
Potions
 f - a potion of haste
 k - a potion of berserk rage
 l - 7 potions of curing
 n - a potion of enlightenment
 o - 3 potions of might
 q - a potion of lignification
 w - a potion of invisibility
 C - a potion of brilliance


   Skills:
 + Level 10.2 Fighting
 - Level 2.8 Long Blades
 - Level 3.5 Dodging
 - Level 4.7 Stealth
 + Level 6.9 Spellcasting
 + Level 6.9 Conjurations
 + Level 6.9 Hexes
   Level 0.0 Charms
 + Level 6.9 Summonings
 + Level 6.9 Necromancy
 + Level 6.9 Translocations
 + Level 8.6 Transmutations
 + Level 6.9 Fire Magic
 + Level 6.9 Ice Magic
 + Level 6.9 Air Magic
 + Level 6.9 Earth Magic
 + Level 6.9 Poison Magic


You knew the following spells:

 Your Spells              Type           Power      Damage    Failure   Level
a - Necrotise             Necr           100%       1d9       1%          1
b - Searing Ray           Conj           54%        2d6       1%          2
c - Static Discharge      Conj/Air       54%        2-5/arc   1%          2
d - Vampiric Draining     Necr           27%        2d7       2%          3
Your spell library was empty.

Dungeon Overview and Level Annotations

Branches:
Dungeon (9/15)             Temple (1/1) D:4
   Lair: D:8-11         Orc: D:9-12

Altars:
Ashenzari
Cheibriados
Dithmenos
Elyvilon
Gozag
Hepliaklqana
Makhleb
Nemelex Xobeh
Okawaru
Qazlal
Ru
Trog
Uskayaw
Wu Jian
Xom
Yredelemnul
Zin
The Shining One

Shops:
D:4 *


Innate Abilities, Weirdness & Mutations

Your life essence is reduced to manifest your ancestor. (-10% HP)
You are immune to sickness and miasma.
You are immune to poison.
Your flesh is very heat resistant. (rF++)
You are vulnerable to cold. (rC-)
You float through the air rather than walking.
You learn spells naturally, not from books.
Your magical power is your life essence.
You have superior vitality. (+4 MHP)


Message History

You miss the killer bee. The killer bee closely misses you.
The killer bee barely misses you. You block the killer bee's attack. x2
The killer bee stings you but does no damage.
The killer bee stings you. The killer bee misses you.
The killer bee closely misses you.
The killer bee attacks as it pursues you!
The killer bee stings you but does no damage.
The killer bee attacks as it pursues you!
The killer bee closely misses you. You block the killer bee's attack. x2
The killer bee stings you.
You closely miss the killer bee. The killer bee stings you. x2
The killer bee stings you but does no damage.
The killer bee barely misses you. The killer bee closely misses you.
The killer bee barely misses you. x2; The killer bee closely misses you.
You miss the killer bee. The killer bee completely misses you.
The killer bee stings you! You block the killer bee's attack.
The killer bee stings you but does no damage.
The killer bee misses you. You block the killer bee's attack.
The killer bee closely misses you. The killer bee barely misses you.
You hit the killer bee.
Flame seeps out of the killer bee.
You burn the killer bee.
Flame seeps out of the killer bee.
The killer bee is lightly wounded.
The killer bee barely misses you. The killer bee misses you.
The killer bee is engulfed in blazing flames.
Flame seeps out of the killer bee.
The killer bee stings you. The killer bee misses you.
The killer bee barely misses you. The killer bee closely misses you.
The killer bee is engulfed in blazing flames.
The killer bee explodes!
The fiery explosion engulfs the killer bee!!
The fiery explosion engulfs you! You resist.
* * * LOW HITPOINT WARNING * * *
The fiery explosion engulfs the killer bee!
The fiery explosion engulfs the killer bee!!
The killer bee explodes!
The fiery explosion engulfs you! You resist.
* * * LOW HITPOINT WARNING * * *
The killer bee explodes!
The fiery explosion engulfs you! You resist.
You die...

########+###+####+########
..........................
................§§§†......
##..<.......###.§§§†......
#..........# #.@○§....$..
#..........###.§§##......
#..............§§# .....
..................# ....
..................# ...
..................... ..
##################### #


There were no monsters in sight!

Vanquished Creatures
  A hornet (D:7)
  A wyvern (D:7)
  Edmund (D:6)
  A water moccasin (D:5)
  An orc warrior (D:8)
  2 ogres
  A centaur (D:5)
  A kobold brigand (D:8)
  2 scorpions
  5 killer bees (D:9)
  A howler monkey (D:4)
  A gnoll bouda (D:4)
  3 orc priests
  2 jellies
  2 hounds
  Terence (D:2)
  7 iguanas
  3 orc wizards (D:8)
  10 gnolls
  7 adders
  A shadow imp (D:6)
  An ufetubus (D:5)
  A dart slug (D:5)
  14 orcs
  3 ball pythons
  5 endoplasms
  A giant cockroach (D:2)
  5 goblins
  A hobgoblin (D:4)
  2 jackals (D:1)
  6 quokkas (D:2)
  3 bats
  2 frilled lizards
  10 kobolds
  4 rats
112 creatures vanquished.

Vanquished Creatures (collateral kills)
  A water moccasin (D:8)
  2 black bears
  2 orc warriors (D:7)
  2 ice beasts (D:6)
  A phantom (D:5)
  3 centaurs
  A bullfrog (D:8)
  A scorpion (D:7)
  4 wights (D:8)
  A killer bee (D:9)
  A jelly (D:7)
  2 hounds
  A gnoll bouda (D:5)
  An orc priest (D:7)
  Jessica (D:3)
  3 orc wizards
  6 gnolls
  An adder (D:3)
  A white imp (D:6)
  A worm (D:2)
  6 orcs
  A ball python (D:3)
  A bat (D:3)
  A goblin (D:2)
  5 kobolds
  A rat (D:2)
51 creatures vanquished.

Vanquished Creatures (others)
  3 knights
3 creatures vanquished.

Grand Total: 166 creatures vanquished

Notes
Turn   | Place    | Note
-------+----------+-------------------------------------------
     0 | D:5      | cforsyth the Djinni Delver began the quest for the Orb.
     0 | D:5      | Reached XP level 1. HP: 20/20 MP: 0/0
     2 | D:5      | Found a basalt altar of Yredelemnul.
     4 | D:5      | Became a worshipper of Hepliaklqana the Forgotten
    89 | D:4      | Found a staircase to the Ecumenical Temple.
   122 | D:5      | Reached XP level 2. HP: 19/25 MP: 0/0
   165 | D:5      | Reached XP level 3. HP: 29/30 MP: 0/0
   165 | D:5      | Learned a level 1 spell: Necrotise
   418 | D:2      | Identified the +1 leather armour of the Nexus {rF+ MP+9}
   698 | D:1      | Reached XP level 4. HP: 22/35 MP: 0/0
   822 | D:1      | Reached * piety under Hepliaklqana
  1622 | D:2      | Noticed Terence
  1860 | D:3      | Reached XP level 5. HP: 36/36 MP: 0/0
  1860 | D:3      | Learned a level 2 spell: Searing Ray
  2008 | D:3      | Found a snail-covered altar of Cheibriados.
  2297 | D:3      | Noticed Jessica
  2305 | D:3      | Killed Jessica
  2306 | D:3      | Reached skill level 4 in Fighting
  2327 | D:3      | Reached ** piety under Hepliaklqana
  2328 | D:3      | Remembered your ancestor Si-Tayit as a knight
  2349 | D:3      | Reached XP level 6. HP: 42/42 MP: 0/0
  2701 | D:4      | Found Joameil's Assorted Antiques.
  2709 | D:4      | Bought a smoking spear for 176 gold pieces
  2709 | D:4      | Identified the +6 spear of the Distant Future {flame, rF-
                  | rN+ Str+3} (You bought it in a shop on level 4 of the
                  | Dungeon)
  2864 | D:4      | Reached skill level 1 in Spellcasting
  2864 | D:4      | Reached skill level 1 in Conjurations
  2864 | D:4      | Reached skill level 1 in Hexes
  2864 | D:4      | Reached skill level 1 in Summonings
  2864 | D:4      | Reached skill level 1 in Necromancy
  2864 | D:4      | Reached skill level 1 in Translocations
  2864 | D:4      | Reached skill level 1 in Transmutations
  2864 | D:4      | Reached skill level 1 in Fire Magic
  2864 | D:4      | Reached skill level 1 in Ice Magic
  2864 | D:4      | Reached skill level 1 in Air Magic
  2864 | D:4      | Reached skill level 1 in Earth Magic
  2864 | D:4      | Reached skill level 1 in Poison Magic
  3234 | D:4      | Noticed an ogre
  3242 | D:4      | Killed an ogre
  3243 | D:4      | Reached skill level 5 in Fighting
  3243 | D:4      | Reached XP level 7. HP: 48/48 MP: 0/0
  3243 | D:4      | Learned a level 2 spell: Static Discharge
  3658 | D:2      | Killed Terence
  3900 | D:5      | Found a white marble altar of Elyvilon.
  4027 | D:5      | Reached skill level 6 in Fighting
  4027 | D:5      | Reached XP level 8. HP: 22/54 MP: 0/0
  4812 | Temple   | Entered the Ecumenical Temple
  4877 | D:6      | Noticed Edmund
  5171 | D:6      | Reached *** piety under Hepliaklqana
  5207 | D:6      | Reached skill level 7 in Fighting
  5384 | D:6      | Killed Edmund
  5395 | D:6      | Reached XP level 9. HP: 15/61 MP: 0/0
  5395 | D:6      | Learned a level 3 spell: Vampiric Draining
  5952 | D:6      | Reached skill level 5 in Transmutations
  5977 | D:6      | Reached skill level 8 in Fighting
  5977 | D:6      | Reached skill level 5 in Spellcasting
  5977 | D:6      | Reached skill level 5 in Conjurations
  5977 | D:6      | Reached skill level 5 in Hexes
  5977 | D:6      | Reached skill level 5 in Summonings
  5977 | D:6      | Reached skill level 5 in Necromancy
  5977 | D:6      | Reached skill level 5 in Translocations
  5977 | D:6      | Reached skill level 5 in Fire Magic
  5977 | D:6      | Reached skill level 5 in Ice Magic
  5977 | D:6      | Reached skill level 5 in Air Magic
  5977 | D:6      | Reached skill level 5 in Earth Magic
  5977 | D:6      | Reached skill level 5 in Poison Magic
  6560 | D:7      | Noticed a hornet
  6573 | D:7      | Killed a hornet
  6807 | D:7      | Reached skill level 9 in Fighting
  7111 | D:7      | Identified the +0 scale mail "Fuah" {+Blink rCorr}
  7479 | D:8      | Reached XP level 10. HP: 63/70 MP: 0/0
  7810 | D:8      | Reached **** piety under Hepliaklqana
  8262 | D:8      | Reached skill level 10 in Fighting
  8878 | D:9      | Killed by an exploding killer bee... ignited by their inner
                  | flame

Illustrated notes

Levels and vault maps discovered:
D:1:      dpeg_arrival_simpleton_c, layout_basic
D:2:      layout_basic, minivault_26, uniq_terence
D:3:      layout_basic, nicolae_overflow_squiral, nicolae_hexahallways,
          uniq_jessica
D:4:      layout_loops_ring, minmay_temple_entry_crystal_x, serial_shops, shop,
          st_stairs_7
D:5:      layout_basic, nicolae_overflow_hidden_temple, lemuel_crystal_altar,
          grunt_ministairs_8
D:6:      black_bear_nest_2, layout_gridville, minmay_manual_mail, uniq_edmund
D:7:      kennysheep_big_flooded_room, layout_gridville,
          corexii_item_surrounded_by_moat
D:8:      layout_cave_pools, minmay_misc_feat_chi
D:9:      layout_stronghold, fiery_altar_vehumet
Temple:   eino_temple_water

Skill      XL: |  1  2  3  4  5  6  7  8  9 10 |
---------------+-------------------------------+-----
Long Blades    | 2 |  2.8
Dodging        | 3 |  3.5
Fighting       | 4 5 6 7 9 10 | 10.2
Spellcasting   | 2 3 4 6 |  6.9
Conjurations   | 2 3 4 6 |  6.9
Hexes          | 2 3 4 6 |  6.9
Summonings     | 2 3 4 6 |  6.9
Necromancy     | 2 3 4 6 |  6.9
Translocations | 2 3 4 6 |  6.9
Transmutations | 2 3 4 7 8 |  8.6
Fire Magic     | 2 3 4 6 |  6.9
Ice Magic      | 2 3 4 6 |  6.9
Air Magic      | 2 3 4 6 |  6.9
Earth Magic    | 2 3 4 6 |  6.9
Poison Magic   | 2 3 4 6 |  6.9
Stealth        | |  4.7

Action                     |  1- 3 |  4- 6 |  7- 9 | 10-12 || total
---------------------------+-------+-------+-------+-------++-------
  Melee: Falchion          |   106 |   116 |       |       ||   222
         Punch             |     1 |     1 |     1 |       ||     3
         Spear             |       |    39 |   217 |    74 ||   330
 Invoke: Recall Ancestor   |       |     2 |     3 |     1 ||     6
         Ancestor Life: Kn |       |     1 |       |       ||     1
    Use: Scroll            |       |       |    13 |     5 ||    18
         Potion            |       |       |       |     1 ||     1
   Stab: Sleeping          |     1 |    11 |    17 |       ||    29
         Distracted        |       |       |     1 |       ||     1
 Armour: Leather armour    |    77 |    91 |   101 |    72 ||   341
  Dodge: Dodged            |    90 |   108 |   126 |    60 ||   384
  Block: Other             |       |       |       |    17 ||    17
         Reflection        |       |       |       |     4 ||     4

Table legend: (Time is in decaauts)
 A = Elapsed time spent in this place.
 B = Non-inter-level travel time spent in this place.
 C = Inter-level travel time spent in this place.
 D = Time resting spent in this place.
 E = Time spent auto-exploring this place.
 F = Levels seen in this place.
 G = Mean time per level.
                   A        B        C        D        E       F      G
               +--------+--------+--------+--------+--------+-----+--------+
         Total |   8954 |   8546 |    408 |   1040 |   5894 |  10 |  895.4 |
       Dungeon |   8953 |   8546 |    407 |   1040 |   5894 |   9 |  994.8 |
        Temple |      1 |      1 |      0 |      0 |      0 |   1 |    1.0 |
               +--------+--------+--------+--------+--------+-----+--------+

Top non-repeatable levels by time:
     D:7: 1554 daAuts
     D:5: 1361 daAuts
     D:8: 1153 daAuts
     D:2: 1131 daAuts
     D:6: 1130 daAuts
     D:3: 943 daAuts
     D:4: 862 daAuts
     D:1: 779 daAuts
     D:9: 37 daAuts
  Temple: 1 daAuts
